 Dungeon Crawl Stone Soup version 0.31.0-11-ge490571c62 (webtiles) character file.

Game seed: 13922867333511722467

30657 qw the Spry (level 13, 0/65 HPs)
             Began as a Spriggan Hunter on Feb 4, 2024.
             Was a High Priest of Okawaru.
             Slain by a water moccasin (7 damage)
             ... on level 3 of the Lair of Beasts.
             The game lasted 00:01:20 (11934 turns).

qw the Spry (Spriggan Hunter)                      Turns: 11934, Time: 00:01:20

Health: 0/65       AC:  6    Str: 10    XL:     13   Next: 21%
Magic:  15/21      EV: 44    Int: 11    God:    Okawaru [*****.]
Gold:   1177       SH:  0    Dex: 23    Spells: 12/12 levels left

rFire   . . .        r - +2 hand cannon (flame)
rCold   . . .        (no shield)
rNeg    + . .        o - +1 robe of Vines {NoPotionHeal Regen++++}
rPois   .            (helmet restricted)
rElec   .            c - +2 cloak of a Million Priests {rN+ Str+3 Slay+2}
rCorr   .            (gloves unavailable)
SInv    +            (boots unavailable)
Will    ++...        a - amulet of faith
Stlth   ++++         g - +4 ring of slaying {mikee}
HPRegen 3.50/turn    p - +5 ring of evasion
MPRegen 0.17/turn

%: faith
@: about to teleport, heroic, finesse-ful, very quick
A: very small, no large weapons, unfitting armour, see invisible, speed 3
a: Renounce Religion, Heroism, Finesse, Duel


You were on level 3 of the Lair of Beasts.
You worshipped Okawaru.
Okawaru was extremely pleased with you.
You visited 2 branches of the dungeon, and saw 15 of its levels.

You collected 1177 gold pieces.


Innate Abilities, Weirdness & Mutations

You are very small and have problems with some larger weapons.
You are too small for most types of armour.
You have supernaturally acute eyesight. (SInv)
You cover ground extremely quickly. (Speed+++)


   Skills:
 - Level 6.1(11.1) Fighting
 + Level 15.0(20.0) Ranged Weapons
 - Level 2.0(7.0) Armour
 - Level 16.0(21.0) Dodging
 - Level 1.5(6.5) Stealth
 - Level 10.0 Invocations


You had 12 spell levels left.
You didn't know any spells.
Your spell library was empty.

Inventory:

Hand Weapons
 r - a +2 hand cannon of flaming (weapon)
Armour
 c - the +2 cloak of a Million Priests (worn) {rN+ Str+3 Slay+2}
   (You found it on level 2 of the Lair of Beasts)

   Str+3:     It affects your strength (+3).
   Slay+2:    It affects your accuracy & damage with ranged weapons and melee
   (+2).
   rN+:       It protects you from negative energy.
 o - the +1 robe of Vines (worn) {NoPotionHeal Regen++++}
   (Okawaru gifted it to you on level 3 of the Lair of Beasts)

   NoPotionHeal: Its wearer cannot be healed by potions.
   Regen++++: It increases your rate of health regeneration.
Jewellery
 a - an amulet of faith (around neck)
 e - an amulet of regeneration
 g - a +4 ring of slaying (left hand) {mikee}
 p - a +5 ring of evasion (right hand)
Wands
 b - a wand of iceblast (21)
 d - a wand of mindburst (8)
 k - a wand of digging (7)
 n - a wand of paralysis (34)
Scrolls
 i - 6 scrolls of identify
Potions
 f - 3 potions of haste
 j - 5 potions of mutation
 l - a potion of enlightenment
 m - 2 potions of resistance
 q - 2 potions of might

Dungeon Overview and Level Annotations

Branches:
Dungeon (11/15)            Temple (0/1) D:7            Lair (4/5) D:11
  Swamp (0/4) Lair:3       Spider (0/4) Lair:2          Orc (0/2) D:10
  Slime: Lair:4-5

Altars:
Ashenzari
Cheibriados
Dithmenos
Elyvilon
Gozag
Kikubaaqudgha
Nemelex Xobeh
Okawaru
Ru
Sif Muna
Wu Jian
Yredelemnul
Zin

Portals:
Abyss: Lair:3
Bailey: D:7
Ice
Cave: Lair:1

Annotations:
Lair:3 2 transporters, qw's ghost, journeyman SpHu


Message History

The water moccasin bites you but does no damage.
The skyshark closely misses you. The skyshark completely misses you.
The skyshark misses you.
You shoot a bolt.
The bolt hits the skyshark but does no damage.
The water moccasin completely misses you.
The skyshark completely misses you. x3
You shoot a bolt. The bolt hits the skyshark!!
The bolt burns the skyshark!
The skyshark is moderately wounded.
You shoot a bolt. The bolt hits the skyshark!!
The bolt burns the skyshark.
The skyshark is heavily wounded.
The skyshark misses you. The skyshark completely misses you.
The skyshark tail-slaps you!
The water moccasin completely misses you.
You shoot a bolt. The bolt closely misses the skyshark.
The bolt hits the fungus!
The bolt burns the fungus.
The fungus is lightly damaged.
A nearby fungus withers and dies.
The skyshark barely misses you. The skyshark completely misses you.
The skyshark closely misses you. The water moccasin closely misses you.
You shoot a bolt. The bolt barely misses the skyshark.
You shoot a bolt.
The bolt completely misses the skyshark.
The skyshark misses you. The skyshark completely misses you. x2
The water moccasin completely misses you.
You shoot a bolt. The bolt hits the skyshark!
The bolt burns the skyshark.
The skyshark is heavily wounded.
The skyshark bites you. The skyshark misses you. x2
The water moccasin completely misses you.
You shoot a bolt.
The bolt hits the skyshark but does no damage.
The skyshark is heavily wounded.
The skyshark bites you! The skyshark completely misses you. x2
The water moccasin completely misses you.
11934 ||| READING scroll of teleportation.
As you read the scroll of teleportation, it crumbles to dust.
You feel strangely unstable. The skyshark completely misses you.
The skyshark tail-slaps you! The skyshark completely misses you.
The water moccasin bites you!
You die...

.##..#.......#.####...###..P.#..#
.....#..........###...######.###.
.....##....##...##.....#####.###.
......#.....#P..##............##.
.....##....+....#.#...###.....###
...####....####.##....###.....# #
.#.##.#....## #.##.....###.#### #
......¤..¤¤.###+P#.....##..######
......¤.¤¤¤¤¤..S@F......#P..##...
......¤¤¤¤.¤¤..0.0...............
.....¤..¤.¤¤¤................[...
.......¤¤........................
.................................
##.####..........................
##.###......###....####......#.P.
...........##.##..##..####....##.
...(.#.....#$# ##^#..i..^#....#..


You could see a skyshark (berserk) and a water moccasin.

Vanquished Creatures
  Snorg (D:10)
  Harold (D:11)
  A hydra (Lair:2)
  3 two-headed ogres
  2 death yaks (Lair:3)
  A cyclops (D:11)
  2 black mambas
  4 elephants (Lair:2)
  7 cane toads
  A torpor snail (Lair:3)
  2 unseen horrors
  18 komodo dragons
  4 rime drakes
  Jeremiah (D:6)
  A polar bear (Lair:3)
  Grinder (D:4)
  A shadow (D:10)
  46 yaks
  2 wyverns
  A culicivora (Lair:2)
  2 basilisks
  2 humans (D:11)
  2 steam dragons
  A redback (Lair:2)
  5 vampire mosquitoes (D:11)
  6 water moccasins
  5 orc warriors
  A sky beast (D:7)
  Duvessa (D:5)
  6 black bears
  An ice beast (D:7)
  3 ogres
  12 wolves (Lair:3)
  5 centaurs
  A kobold brigand (D:10)
  8 bullfrogs
  2 gnoll sergeants
  3 scorpions
  5 wights (D:10)
  Dowan (D:5)
  7 howler monkeys
  A bombardier beetle (D:5)
  2 jellies
  2 orc priests
  5 hounds
  A sleepcap (D:4)
  2 iguanas (D:5)
  3 orc wizards
  Terence (D:2)
  11 gnolls
  6 adders
  12 white imps (Lair:1)
  2 ufetubi (D:7)
  A ribbon worm (D:4)
  34 orcs
  9 ball pythons
  2 bats (D:3)
  4 endoplasms
  3 giant cockroaches (D:1)
  11 goblins
  3 hobgoblins
  A jackal (D:1)
  2 quokkas
  3 frilled lizards
  11 kobolds
  4 rats
315 creatures vanquished.

Vanquished Creatures (others)
  An orc wizard (D:11)
1 creature vanquished.

Grand Total: 316 creatures vanquished

Notes
Turn   | Place    | Note
-------+----------+-------------------------------------------
     0 | D:1      | qw the Spriggan Hunter began the quest for the Orb.
     0 | D:1      | Reached XP level 1. HP: 10/10 MP: 2/2
     0 | D:1      | 0 ||| qw: Version: 0.3-a-160-g6735b56
     0 | D:1      | 0 ||| qw: Game counter: 4968
     0 | D:1      | 0 ||| qw: Melee chars always use a shield: true
     0 | D:1      | 0 ||| qw: God list: Okawaru
     0 | D:1      | 0 ||| qw: Allow faded altars: false
     0 | D:1      | 0 ||| qw: Do Orc after clearing Dungeon:15 true
     0 | D:1      | 0 ||| qw: Do second Lair branch before Depths: true
     0 | D:1      | 0 ||| qw: Lair rune preference: random
     0 | D:1      | 0 ||| qw: Goals: Normal
     0 | D:1      | 0 ||| PLANNING D:1-11
     7 | D:1      | Reached skill level 3 in Dodging
   266 | D:1      | Reached XP level 2. HP: 14/14 MP: 3/3
   386 | D:1      | Reached skill level 4 in Dodging
   665 | D:1      | 665 ||| UPGRADING to amulet of regeneration.
   670 | D:1      | 670 ||| READING scroll labelled ZAUHOUZXYIR.
   675 | D:1      | 675 ||| READING 2 scrolls labelled ROUCVI SERPHYQ.
   675 | D:1      | 675 ||| IDENTIFYING glowing purple potion
   676 | D:1      | 676 ||| READING scroll of identify.
   676 | D:1      | 676 ||| IDENTIFYING 2 emerald potions
   677 | D:1      | 677 ||| DROPPING scroll of butterflies.
   733 | D:2      | Noticed Terence
   754 | D:2      | HP: 2/14 [Terence/+0 short sword (6)]
   755 | D:2      | 755 ||| DRINKING 2 potions of heal wounds.
   758 | D:2      | Killed Terence
   759 | D:2      | Reached XP level 3. HP: 9/18 MP: 4/4
  1519 | D:2      | 1519 ||| READING scroll labelled LANWEATHI XONO.
  1520 | D:2      | 1520 ||| READING scroll labelled ZAEM KEYTUR.
  1521 | D:2      | 1521 ||| READING scroll labelled UNKEHATOBY.
  1706 | D:3      | Found a sacrificial altar of Ru.
  1764 | D:3      | Reached XP level 4. HP: 22/22 MP: 5/5
  1954 | D:3      | Found an iron altar of Okawaru.
  1954 | D:3      | Found an ornate altar of the Wu Jian Council.
  1955 | D:3      | 1955 ||| PLANNING OKAWARU WORSHIP
  1955 | D:3      | 1955 ||| UPGRADING to +4 ring of slaying {mikee}.
  1956 | D:3      | Found a basalt altar of Yredelemnul.
  1961 | D:3      | Became a worshipper of Warmaster Okawaru
  1962 | D:3      | 1962 ||| PLANNING D:1-11
  2056 | D:3      | Found a broken altar of Ashenzari.
  2080 | D:3      | You fall into a shaft and drop 2 floors!
  2080 | D:5      | Entered Level 5 of the Dungeon
  2137 | D:5      | Noticed a scorpion
  2138 | D:5      | 2138 ||| DRINKING potion of haste.
  2143 | D:5      | Killed a scorpion
  2144 | D:5      | Reached skill level 5 in Dodging
  2144 | D:5      | Noticed a black bear
  2150 | D:5      | Killed a black bear
  2150 | D:5      | Reached * piety under Okawaru
  2151 | D:5      | Reached XP level 5. HP: 28/28 MP: 6/6
  2183 | D:5      | 2183 ||| READING scroll of identify.
  2183 | D:5      | 2183 ||| IDENTIFYING scroll labelled GOG AGIAZIFFO
  2184 | D:5      | 2184 ||| READING scroll of enchant weapon.
  2184 | D:5      | 2184 ||| ENCHANTING +0 shortbow.
  2215 | D:4      | Noticed a black bear
  2216 | D:4      | 2216 ||| INVOKING Heroism.
  2219 | D:4      | Killed a black bear
  2220 | D:4      | Reached skill level 1 in Invocations
  2220 | D:4      | Reached XP level 6. HP: 32/32 MP: 4/8
  2348 | D:4      | Found a shimmering blue altar of Sif Muna.
  2617 | D:3      | Identified the +9 sling of Xiras {freeze, Int+5}
  2619 | D:3      | 2619 ||| SWAPPING to +9 sling of Xiras {freeze, Int+5}.
  2620 | D:3      | 2620 ||| DROPPING +1 shortbow.
  3253 | D:4      | Reached skill level 6 in Ranged Weapons
  3253 | D:4      | Reached skill level 3 in Invocations
  3253 | D:4      | Reached XP level 7. HP: 35/35 MP: 10/10
  3303 | D:4      | Noticed Grinder
  3304 | D:4      | 3304 ||| INVOKING Heroism.
  3309 | D:4      | Killed Grinder
  3309 | D:4      | Reached ** piety under Okawaru
  3310 | D:4      | Reached skill level 6 in Dodging
  3406 | D:4      | 3406 ||| UPGRADING to amulet of faith.
  3416 | D:4      | 3416 ||| READING 2 scrolls of identify.
  3416 | D:4      | 3416 ||| IDENTIFYING blue potion
  3827 | D:5      | Noticed Duvessa
  3827 | D:5      | Noticed Dowan
  3830 | D:5      | Killed Dowan
  3831 | D:5      | Reached skill level 7 in Dodging
  3831 | D:5      | Reached XP level 8. HP: 39/39 MP: 12/12
  3831 | D:5      | 3831 ||| INVOKING Heroism.
  3833 | D:5      | 3833 ||| DRINKING potion of haste.
  3837 | D:5      | Killed Duvessa
  3950 | D:5      | Reached skill level 3 in Fighting
  4089 | D:5      | 4089 ||| READING 2 scrolls of identify.
  4089 | D:5      | 4089 ||| IDENTIFYING brown potion
  4090 | D:5      | 4090 ||| DROPPING potion of attraction.
  4152 | D:6      | Reached *** piety under Okawaru
  4153 | D:6      | Reached skill level 8 in Dodging
  4209 | D:6      | Found a white marble altar of Elyvilon.
  4323 | D:6      | Noticed Jeremiah
  4325 | D:6      | 4325 ||| INVOKING Heroism.
  4346 | D:6      | 4346 ||| FLEEEEING.
  4347 | D:6      | 4347 ||| FLEEEEING.
  4350 | D:6      | 4350 ||| FLEEEEING.
  4352 | D:6      | 4352 ||| FLEEEEING.
  4355 | D:6      | 4355 ||| FLEEEEING.
  4356 | D:6      | 4356 ||| FLEEEEING.
  4358 | D:6      | 4358 ||| FLEEEEING.
  4359 | D:6      | 4359 ||| FLEEEEING.
  4361 | D:6      | 4361 ||| FLEEEEING.
  4370 | D:6      | 4370 ||| INVOKING Heroism.
  4374 | D:6      | HP: 7/40 [Jeremiah/+3 vampiric trident (12)]
  4375 | D:6      | 4375 ||| READING 3 scrolls of teleportation.
  4376 | D:6      | 4376 ||| DRINKING 6 potions of heal wounds.
  4578 | D:6      | 4578 ||| INVOKING Heroism.
  4601 | D:6      | HP: 1/40 [Jeremiah/divine providence (14)]
  4602 | D:6      | 4602 ||| DRINKING 5 potions of heal wounds.
  4609 | D:6      | 4609 ||| INVOKING Heroism.
  4615 | D:6      | HP: 10/40 [Jeremiah/+3 vampiric trident (2)]
  4616 | D:6      | 4616 ||| READING 2 scrolls of teleportation.
  4617 | D:6      | 4617 ||| DRINKING 4 potions of heal wounds.
  4620 | D:6      | HP: 9/40 [Jeremiah/divine providence (14)]
  4621 | D:6      | 4621 ||| READING scroll of teleportation.
  4622 | D:6      | 4622 ||| DRINKING 3 potions of heal wounds.
  4709 | D:6      | 4709 ||| INVOKING Heroism.
  4732 | D:6      | HP: 5/40 [Jeremiah/+3 vampiric trident (9)]
  4733 | D:6      | 4733 ||| DRINKING 2 potions of heal wounds.
  4741 | D:6      | 4741 ||| INVOKING Heroism.
  4746 | D:6      | Killed Jeremiah
  4747 | D:6      | Reached skill level 9 in Ranged Weapons
  4747 | D:6      | Reached XP level 9. HP: 19/44 MP: 10/13
  4980 | D:6      | 4980 ||| READING 2 scrolls of identify.
  4980 | D:6      | 4980 ||| IDENTIFYING red potion
  4981 | D:6      | 4981 ||| READING scroll of identify.
  4981 | D:6      | 4981 ||| IDENTIFYING cyan potion
  4982 | D:6      | 4982 ||| READING scroll labelled BAUMMASICE.
  5083 | D:6      | 5083 ||| READING scroll labelled JENYTW VAETIV.
  5083 | D:6      | 5083 ||| ENCHANTING +0 robe.
  5084 | D:6      | 5084 ||| READING scroll labelled KAWO KEOVOBBI.
  5085 | D:6      | 5085 ||| DROPPING wand of flame (11).
  5189 | D:7      | Found a shadowy altar of Dithmenos.
  5246 | D:7      | Found a staircase to the Ecumenical Temple.
  5393 | D:7      | Reached skill level 9 in Dodging
  5546 | D:7      | 5546 ||| SWAPPING to +0 orcbow.
  5547 | D:7      | 5547 ||| DROPPING +9 sling of Xiras {freeze, Int+5}.
  5563 | D:7      | Found a flagged portal.
  5748 | D:7      | 5748 ||| READING scroll of identify.
  5748 | D:7      | 5748 ||| IDENTIFYING black potion
  5749 | D:7      | 5749 ||| READING 2 scrolls labelled KAFRUBB LATI.
  5750 | D:7      | 5750 ||| DROPPING scroll of noise.
  5751 | D:7      | 5751 ||| DROPPING potion of berserk rage.
  5763 | D:8      | 5763 ||| STAIRDANCE
  5767 | D:8      | 5767 ||| STAIRDANCE
  5771 | D:8      | 5771 ||| STAIRDANCE
  5838 | D:8      | 5838 ||| STAIRDANCE
  6007 | D:8      | Reached skill level 10 in Dodging
  6316 | D:8      | 6316 ||| RETREEEEATING.
  6321 | D:8      | 6321 ||| RETREEEEATING.
  6337 | D:8      | Reached **** piety under Okawaru
  6338 | D:8      | Reached skill level 11 in Dodging
  6600 | D:8      | 6600 ||| READING scroll labelled FUOSIF EZATEAQIA.
  6692 | D:9      | 6692 ||| Stepping ~*~*~tactically~*~*~ (cloud).
  6731 | D:9      | 6731 ||| RETREEEEATING.
  6737 | D:9      | 6737 ||| INVOKING Finesse.
  6744 | D:9      | Reached XP level 10. HP: 36/49 MP: 8/14
  6779 | D:9      | Reached ***** piety under Okawaru
  6787 | D:9      | Reached skill level 6 in Invocations
  6789 | D:9      | HP: 11/49 [yak (13)]
  6790 | D:9      | 6790 ||| DRINKING potion of heal wounds.
  6799 | D:9      | HP: 6/49 [yak (13)]
  7187 | D:9      | Found a sparkling altar of Nemelex Xobeh.
  7223 | D:9      | 7223 ||| Stepping ~*~*~tactically~*~*~ (cloud).
  7224 | D:9      | 7224 ||| Stepping ~*~*~tactically~*~*~ (cloud).
  7509 | D:9      | Noticed a two-headed ogre
  7510 | D:9      | 7510 ||| INVOKING Finesse.
  7519 | D:9      | Killed a two-headed ogre
  7520 | D:9      | Reached skill level 12 in Dodging
  7604 | D:9      | 7604 ||| UPGRADING to +0 steam dragon scales.
  7614 | D:9      | 7614 ||| DROPPING +1 robe.
  7615 | D:9      | 7615 ||| READING scroll of enchant armour.
  7615 | D:9      | 7615 ||| ENCHANTING +0 steam dragon scales.
  7616 | D:9      | 7616 ||| DRINKING 4 green potions.
  7617 | D:9      | 7617 ||| DROPPING 3 potions of brilliance.
  7638 | D:10     | Entered Level 10 of the Dungeon
  7645 | D:10     | Found an opulent altar of Gozag.
  7645 | D:10     | Found an ancient bone altar of Kikubaaqudgha.
  7646 | D:10     | Found a glowing silver altar of Zin.
  7705 | D:10     | Received a gift from Okawaru
  7706 | D:10     | Reached skill level 1 in Armour
  7750 | D:10     | Noticed a two-headed ogre
  7758 | D:10     | 7758 ||| INVOKING Finesse.
  7772 | D:10     | Killed a two-headed ogre
  7844 | D:10     | Noticed Snorg
  7845 | D:10     | 7845 ||| INVOKING Finesse.
  7865 | D:10     | 7865 ||| INVOKING Heroism.
  7866 | D:10     | Killed Snorg
  7867 | D:10     | Reached XP level 11. HP: 53/53 MP: 10/18
  8150 | D:10     | 8150 ||| RETREEEEATING.
  8151 | D:10     | 8151 ||| RETREEEEATING.
  8152 | D:10     | 8152 ||| RETREEEEATING.
  8405 | D:10     | Found a staircase to the Orcish Mines.
  8595 | D:10     | Found a snail-covered altar of Cheibriados.
  8605 | D:10     | 8605 ||| READING scroll of identify.
  8605 | D:10     | 8605 ||| IDENTIFYING murky cyan potion
  8606 | D:10     | 8606 ||| READING scroll labelled CONAIR HIXIGHE.
  8607 | D:10     | 8607 ||| DROPPING potion of invisibility.
  8619 | D:11     | Noticed Harold
  8620 | D:11     | 8620 ||| INVOKING Finesse.
  8626 | D:11     | 8626 ||| STAIRDANCE
  8823 | D:11     | Noticed a two-headed ogre
  8824 | D:11     | 8824 ||| INVOKING Finesse.
  8832 | D:11     | Reached skill level 12 in Ranged Weapons
  8832 | D:11     | Reached skill level 9 in Invocations
  8836 | D:11     | Killed a two-headed ogre
  8848 | D:11     | 8848 ||| INVOKING Heroism.
  8858 | D:11     | Received a gift from Okawaru
  8920 | D:11     | Reached skill level 13 in Dodging
  8945 | D:11     | Killed Harold
  8945 | D:11     | Received a gift from Okawaru
  9039 | D:11     | Found an iron altar of Okawaru.
  9120 | D:11     | Found a staircase to the Lair.
  9373 | D:11     | 9373 ||| PLANNING LAIR
  9373 | D:11     | 9373 ||| READING scroll labelled KIAFOC WOING.
  9373 | D:11     | 9373 ||| BRANDING +0 orcbow.
  9405 | Lair:1   | Entered Level 1 of the Lair of Beasts
  9427 | Lair:1   | 9427 ||| RETREEEEATING.
  9428 | Lair:1   | 9428 ||| RETREEEEATING.
  9444 | Lair:1   | Received a gift from Okawaru
  9445 | Lair:1   | Reached XP level 12. HP: 40/60 MP: 20/20
  9451 | Lair:1   | HP: 12/60 [yak (13)]
  9452 | Lair:1   | 9452 ||| READING 2 scrolls of teleportation.
  9458 | Lair:1   | 9458 ||| FLEEEEING.
  9459 | Lair:1   | 9459 ||| FLEEEEING.
  9460 | Lair:1   | 9460 ||| FLEEEEING.
  9461 | Lair:1   | 9461 ||| FLEEEEING.
  9462 | Lair:1   | 9462 ||| FLEEEEING.
  9463 | Lair:1   | 9463 ||| FLEEEEING.
  9464 | Lair:1   | 9464 ||| FLEEEEING.
  9465 | Lair:1   | 9465 ||| FLEEEEING.
  9466 | Lair:1   | 9466 ||| READING scroll of teleportation.
  9480 | Lair:1   | 9480 ||| RETREEEEATING.
  9481 | Lair:1   | 9481 ||| RETREEEEATING.
  9482 | Lair:1   | 9482 ||| RETREEEEATING.
  9483 | Lair:1   | 9483 ||| RETREEEEATING.
  9484 | Lair:1   | 9484 ||| RETREEEEATING.
  9487 | Lair:1   | 9487 ||| INVOKING Finesse.
  9497 | Lair:1   | HP: 5/60 [cane toad (17)]
  9503 | Lair:1   | Reached skill level 14 in Dodging
  9504 | Lair:1   | HP: 2/60 [bullfrog (4)]
  9720 | Lair:1   | 9720 ||| READING scroll of enchant armour.
  9720 | Lair:1   | 9720 ||| ENCHANTING +1 steam dragon scales.
  9738 | Lair:1   | Found a basalt altar of Yredelemnul.
  9906 | Lair:1   | Found a frozen archway.
 10032 | Lair:1   | 10032 ||| READING scroll of identify.
 10032 | Lair:1   | 10032 ||| IDENTIFYING fuming orange potion
 10033 | Lair:1   | 10033 ||| DRINKING 2 fizzy red potions.
 10034 | Lair:1   | 10034 ||| DROPPING potion of lignification.
 10120 | Lair:2   | Identified the +2 cloak of a Million Priests {rN+ Str+3
                  | Slay+2}
 10168 | Lair:2   | Received a gift from Okawaru
 10274 | Lair:2   | 10274 ||| RETREEEEATING.
 10275 | Lair:2   | 10275 ||| RETREEEEATING.
 10276 | Lair:2   | 10276 ||| RETREEEEATING.
 10276 | Lair:2   | Noticed a four-headed hydra
 10277 | Lair:2   | 10277 ||| RETREEEEATING.
 10278 | Lair:2   | 10278 ||| RETREEEEATING.
 10279 | Lair:2   | 10279 ||| RETREEEEATING.
 10281 | Lair:2   | 10281 ||| RETREEEEATING.
 10282 | Lair:2   | 10282 ||| INVOKING Finesse.
 10289 | Lair:2   | 10289 ||| RETREEEEATING.
 10310 | Lair:2   | Killed a four-headed hydra
 10323 | Lair:2   | Reached skill level 6 in Fighting
 10531 | Lair:2   | Found a hole to the Spider Nest.
 10588 | Lair:2   | Reached skill level 15 in Dodging
 10722 | Lair:2   | 10722 ||| READING scroll of enchant weapon.
 10722 | Lair:2   | 10722 ||| ENCHANTING +0 orcbow of electrocution.
 10806 | Lair:2   | Received a gift from Okawaru
 10969 | Lair:2   | 10969 ||| UPGRADING to +2 cloak of a Million Priests {rN+
                  | Str+3 Slay+2}.
 10974 | Lair:2   | 10974 ||| READING 4 scrolls of identify.
 10974 | Lair:2   | 10974 ||| IDENTIFYING pink potion
 10975 | Lair:2   | 10975 ||| READING 3 scrolls of identify.
 10975 | Lair:2   | 10975 ||| IDENTIFYING sedimented purple potion
 10976 | Lair:2   | 10976 ||| DROPPING potion of degeneration.
 10977 | Lair:2   | 10977 ||| DROPPING potion of ambrosia.
 11025 | Lair:3   | Reached ****** piety under Okawaru
 11040 | Lair:3   | 11040 ||| INVOKING Receive Weapon.
 11040 | Lair:3   | 11040 ||| ACQUIRING +2 hand cannon of flaming
 11040 | Lair:3   | Acquired a +2 hand cannon of flaming
 11040 | Lair:3   | Received a gift from Okawaru
 11041 | Lair:3   | 11041 ||| INVOKING Receive Armour.
 11041 | Lair:3   | 11041 ||| ACQUIRING +1 robe of Vines {NoPotionHeal
                  | Regen++++}
 11041 | Lair:3   | Acquired the +1 robe of Vines {NoPotionHeal Regen++++}
 11041 | Lair:3   | Received a gift from Okawaru
 11041 | Lair:3   | Found the +1 robe of Vines {NoPotionHeal Regen++++}
 11043 | Lair:3   | 11043 ||| SWAPPING to +2 hand cannon of flaming.
 11044 | Lair:3   | 11044 ||| DROPPING +1 orcbow of electrocution.
 11203 | Lair:3   | 11203 ||| RETREEEEATING.
 11205 | Lair:3   | 11205 ||| RETREEEEATING.
 11214 | Lair:3   | Reached skill level 15 in Ranged Weapons
 11215 | Lair:3   | Reached XP level 13. HP: 62/65 MP: 21/21
 11252 | Lair:3   | Received a gift from Okawaru
 11422 | Lair:3   | 11422 ||| RETREEEEATING.
 11423 | Lair:3   | 11423 ||| RETREEEEATING.
 11424 | Lair:3   | 11424 ||| RETREEEEATING.
 11425 | Lair:3   | 11425 ||| RETREEEEATING.
 11426 | Lair:3   | 11426 ||| RETREEEEATING.
 11470 | Lair:3   | Found a staircase to the Swamp.
 11482 | Lair:3   | 11482 ||| RETREEEEATING.
 11484 | Lair:3   | 11484 ||| INVOKING Finesse.
 11492 | Lair:3   | Reached skill level 16 in Dodging
 11568 | Lair:3   | Found a transporter.
 11584 | Lair:3   | Noticed qw's ghost (journeyman SpHu)
 11585 | Lair:3   | Found a one-way gate to the infinite horrors of the Abyss.
 11591 | Lair:3   | Found a transporter.
 11869 | Lair:3   | 11869 ||| UPGRADING to +1 robe of Vines {NoPotionHeal
                  | Regen++++}.
 11879 | Lair:3   | 11879 ||| DROPPING +2 steam dragon scales.
 11880 | Lair:3   | 11880 ||| UPGRADING to +5 ring of evasion.
 11914 | Lair:4   | 11914 ||| STAIRDANCE
 11921 | Lair:4   | 11921 ||| STAIRDANCE
 11924 | Lair:3   | 11924 ||| INVOKING Finesse.
 11925 | Lair:3   | 11925 ||| INVOKING Heroism.
 11933 | Lair:3   | HP: 12/65 [skyshark (10)]
 11934 | Lair:3   | 11934 ||| READING scroll of teleportation.
 11934 | Lair:3   | Slain by a water moccasin

Levels and vault maps discovered:
D:1:      scummos_arrival_simple_crosswalls, layout_basic,
          reono_crystal_passage, hangedman_decor_clover_reticule,
          serial_bayou_pond_d, minmay_cupped
D:2:      layout_loops_corners, minmay_misc_feat_chi,
          chequers_serial_rivers_micro_a, serial_park_tiny_pond,
          kennysheep_generic_room_9, uniq_terence
D:3:      layout_basic, mainiacjoe_overflow_catwalk,
          nicolae_overflow_quartered_altars, st_stairs_3
D:4:      layout_cave_pods, tgw_sif, uniq_grinder
D:5:      layout_loops_cross, uniq_duvessa
D:6:      layout_rooms, lemuel_doored_altar, kennysheep_flooded_box,
          uniq_jeremiah
D:7:      layout_loops_ring, amcnicky_altar_gilded,
          minmay_temple_entry_drinking_statues, enter_bailey_3
D:8:      layout_loops_ring
D:9:      layout_basic, nemelex_spade_bored_becter, hex_intersection
D:10:     layout_roguey [special_room_orc], lemuel_tele_altar,
          chequers_temple_overflow_statue_of_worship, orc_0_dummy, uniq_snorg
D:11:     layout_big_octagon, serial_glass, glass_columns_b, glass_columns_a,
          okawaru_humans, uniq_harold
Lair:1:   layout_big_grid, basic_altar, portal_ice_cave_entry_imps
Lair:2:   layout_long_grid, spider_nest_entry_funnel_web, st_stairs_4
Lair:3:   layout_regular_city, swamp_mist, enter_volcano_4,
          gammafunk_ghost_abyssal_escape, st_stairs_10, beast_lair_carwin_10
Lair:4:   layout_misc_corridors, slime_entry_1, uniq_josephine, uniq_kirke

Skill      XL: |  1  2  3  4  5  6  7  8  9 10 11 12 13 |
---------------+----------------------------------------+-----
Dodging        | 3 4 5 7 8 11 12 13 15 16 | 16.0
Ranged Weapons | 5 6 7 9 10 11 13 15 | 15.0
Fighting       | 2 3 4 5 6 |  6.1
Invocations    | 1 3 4 8 10 | 10.0
Armour         | 1 2 |  2.0
Stealth        | |  1.5

Action                     |  1- 3 |  4- 6 |  7- 9 | 10-12 | 13-15 || total
---------------------------+-------+-------+-------+-------+-------++-------
   Fire: Shortbow          |   114 |    43 |       |       |       ||   157
         Sling             |       |    13 |   122 |       |       ||   135
         Orcbow            |       |       |    90 |   655 |       ||   745
         Hand cannon       |       |       |       |    29 |    75 ||   104
 Invoke: Heroism           |       |     1 |     8 |     2 |     1 ||    12
         Finesse           |       |       |     1 |     7 |     2 ||    10
         Receive Weapon    |       |       |       |     1 |       ||     1
         Receive Armour    |       |       |       |     1 |       ||     1
    Use: Scroll            |     6 |     2 |    13 |    11 |     1 ||    33
         Potion            |     1 |     1 |     6 |     3 |       ||    11
 Armour: Robe              |    18 |     1 |    31 |    12 |    13 ||    75
         Steam dragon scal |       |       |       |    47 |     9 ||    56
  Dodge: Dodged            |    34 |     3 |   107 |   301 |    90 ||   535

Table legend:
 A = Non-vault XP
 B = Vault XP
 C = Vault XP percentage of total XP
 D = Non-vault monster count
 E = Vault monster count
 F = Vault count percentage of total count
                 A         B        C        D         E       F
            +---------+---------+-------+---------+---------+-------
      Total |   35880 |    7916 |  18.1 |     241 |      75 |  23.7
            +---------+---------+-------+---------+---------+-------
        D:1 |      23 |       8 |  25.8 |      14 |       5 |  26.3
        D:2 |      24 |      32 |  57.1 |       8 |       1 |  11.1
        D:3 |      30 |       2 |   6.2 |      11 |       2 |  15.4
        D:4 |     394 |     307 |  43.8 |      11 |       2 |  15.4
        D:5 |     970 |     196 |  16.8 |      16 |       2 |  11.1
        D:6 |     469 |     370 |  44.1 |      13 |       1 |   7.1
        D:7 |     860 |       8 |   0.9 |      10 |       4 |  28.6
        D:8 |    1443 |       0 |   0.0 |      15 |       0 |   0.0
        D:9 |    3865 |       0 |   0.0 |      18 |       0 |   0.0
       D:10 |    3151 |    1313 |  29.4 |      28 |      26 |  48.1
       D:11 |    5170 |    1256 |  19.5 |      28 |       3 |   9.7
     Lair:1 |    5304 |     124 |   2.3 |      20 |      12 |  37.5
     Lair:2 |    7731 |     895 |  10.4 |      23 |       5 |  17.9
     Lair:3 |    6446 |    3405 |  34.6 |      26 |      12 |  31.6
            +---------+---------+-------+---------+---------+-------
